 Dungeon Crawl Stone Soup version 0.30-a0-250-g41c1d76940 (webtiles) character file.

Game seed: 10431914480587121477

9794 sleeves the Covert (level 11, -18/84 HPs)
             Began as an Armataur Brigand on Oct 13, 2022.
             Was a Priest of Dithmenos.
             Killed by vampiric draining
             ... invoked by a vampire
              (20 damage)
             ... on level 12 of the Dungeon.
             The game lasted 00:19:56 (10435 turns).

sleeves the Covert (Armataur Brigand)              Turns: 10435, Time: 00:19:56

Health: -18/84     AC: 18    Str: 18    XL:     11   Next: 27%
Magic:  11/11      EV:  7    Int: 16    God:    Dithmenos [***...]
Gold:   727        SH:  5    Dex: 14    Spells: 7/10 levels left

rFire   x x .      SeeInvis .    q - +4 dagger of Reinforcement {freeze, rF- rC+ Str+6}
rCold   + + .      Faith    .    (no shield)
rNeg    . . .      Spirit   .    z - +1 acid dragon scales
rPois   +          Reflect  +    v - +0 helmet
rElec   .          Harm     .    N - +2 cloak {rPois}
rCorr   +          Roll     +    I - +2 pair of gloves
Will    +++..                    n - +0 barding
Stlth   +++++++...               M - amulet of reflection
HPRegen 0.34/turn                y - ring of the Princeling {Ice Will+++ Str-5 Dex+3}
MPRegen 0.12/turn                r - +4 ring of slaying

@: about to teleport, wreathed by umbra
A: large, rugged brown scales 3, deformed body, armoured tail, roll, long
tongue, awkward tongue
a: Renounce Religion, Shadow Step


You were on level 12 of the Dungeon.
You worshipped Dithmenos.
Dithmenos was most pleased with you.
You visited 1 branch of the dungeon, and saw 12 of its levels.
You also visited: Ice Cave.

You collected 727 gold pieces.

Inventory:

Hand Weapons
 a - a +2 dagger
 q - the +4 dagger of Reinforcement (weapon) {freeze, rF- rC+ Str+6}
   (You found it on level 2 of the Dungeon)

   It freezes those it strikes, dealing additional cold damage.
   It can also slow down cold-blooded creatures.
   Str:       It affects your strength (+6).
   rF:        It makes you vulnerable to fire.
   rC:        It protects you from cold.
Missiles
 d - 24 poisoned darts (quivered)
 e - 7 curare-tipped darts
 D - 2 throwing nets
 R - 5 atropa-tipped darts
Armour
 j - a +2 leather armour of fire resistance
   (You found it on level 1 of the Dungeon)
 n - a +0 barding (worn)
   (You found it on level 2 of the Dungeon)
 v - a +0 helmet (worn)
   (You took it off Robin on level 3 of the Dungeon)
 z - +1 acid dragon scales (worn)
   (You took it off Maggie on level 6 of the Dungeon)
 A - a +1 cloak of preservation
   (You took it off Crazy Yiuf on level 3 of the Dungeon)
 E - a +0 buckler
   (You found it on level 5 of the Dungeon)
 I - a +2 pair of gloves (worn)
   (You found it on level 6 of the Dungeon)
 N - a +2 cloak of poison resistance (worn)
   (You took it off Maurice on level 8 of the Dungeon)
Jewellery
 o - a ring of protection from fire
   (You found it on level 2 of the Dungeon)
 r - a +4 ring of slaying (right hand)
   (You found it on level 2 of the Dungeon)
 y - the ring of the Princeling (left hand) {Ice Will+++ Str-5 Dex+3}
   (You took it off an orc on level 3 of the Dungeon)

   [ring of ice]

   It enhances your ice magic.
   Str:       It affects your strength (-5).
   Dex:       It affects your dexterity (+3).
   rF:        It makes you vulnerable to fire.
   rC:        It protects you from cold.
   Will:      It greatly increases your willpower.
 B - a +4 ring of evasion
   (You found it on level 4 of the Dungeon)
 M - an amulet of reflection (around neck)
   (You took it off an orc warrior on level 8 of the Dungeon)
 V - an amulet of guardian spirit
   (You found it on level 11 of the Dungeon)
Wands
 u - a wand of paralysis (3)
   (You found it on level 11 of the Dungeon)
 F - a wand of flame (57)
   (You found it on level 5 of the Dungeon)
 J - a wand of mindburst (8)
   (You found it on level 7 of the Dungeon)
 U - a wand of digging (2)
   (You found it on level 11 of the Dungeon)
 W - a wand of iceblast (5)
   (You found it on level 12 of the Dungeon)
Scrolls
 b - 7 scrolls of teleportation
 h - 2 scrolls of silence {unknown}
 k - 2 scrolls of amnesia
 l - a scroll of blinking {unknown}
 p - 4 scrolls of fear
 x - 4 scrolls of immolation
 G - a scroll of brand weapon {unknown}
 L - 2 scrolls of butterflies {unknown}
 O - 3 scrolls of poison {unknown}
 P - 2 scrolls of magic mapping {unknown}
 S - a scroll of acquirement {unknown}
Potions
 c - 2 potions of brilliance
 f - 5 potions of curing
 g - a potion of magic {unknown}
 i - a potion of flight {unknown}
 m - 2 potions of invisibility
 s - a potion of haste {unknown}
 t - 3 potions of berserk rage
 w - 3 potions of ambrosia
 C - 2 potions of lignification
 K - 2 potions of mutation
 Q - a potion of might {unknown}
 T - a potion of attraction {unknown}


   Skills:
 - Level 1.7 Fighting
 + Level 7.0 Short Blades
 - Level 1.7 Throwing
 - Level 0.6 Dodging
 + Level 12.8 Stealth
 - Level 7.0 Shields
 - Level 10.0 Hexes


You had 7 spell levels left.
You knew the following spells:

 Your Spells              Type           Power      Damage    Failure   Level
a - Confusing Touch       Hex            32%        N/A       1%          3

Your spell library contained the following spells:

 Spells                   Type           Power      Damage    Failure   Level
 Slow                     Hex            100%       N/A       1%          1
 Kiss of Death            Conj/Necr      0%         2d5       32%         1
 Cigotuvi's Dreadful Rot  Necr/Pois/Air  0%         N/A       45%         2
 Poisonous Vapours        Pois/Air       0%         N/A       45%         2
 Mephitic Cloud           Conj/Pois/Air  0%         N/A       69%         3
 Vampiric Draining        Necr           0%         2d6       69%         3
 Dispel Undead            Necr           0%         3d6       97%         4


Dungeon Overview and Level Annotations

Branches:
Dungeon (12/15)            Temple (0/1) D:6            Lair (0/5) D:11
    Orc (0/2) D:9           IceCv (visited)

Altars:
Cheibriados
Dithmenos
Elyvilon
Trog
Uskayaw
Vehumet
Yredelemnul

Shops:
D:2 *   D:3 =   D:7 :   D:8 =   D:9 ((   D:11 [

Annotations:
D:4 3 runed translucent doors, bchevrier's ghost, novice GnWn
D:10 exclusions: gargoyle and vampire
D:11 2 transporters


Innate Abilities, Weirdness & Mutations

You are completely covered in rugged brown scales. (AC +3, +7% HP)
Armour fits poorly on your strangely shaped body.
You have a long armoured tail.
You roll when moving toward enemies. (Rampage)
Your long tongue fully drains potion bottles. (2x potion effects)
Your tongue gives you trouble enunciating. (1.5x scroll delay)


Message History

No target in view!
No target in view!
No target in view!
You start resting.
HP restored.
There is a stone staircase leading down, spattered with blood here.
Things that are here:
a +0 robe; a +0 dagger Unknown command.
You climb downwards.
The yak gores you!
There is a stone staircase leading up, spattered with blood here.
The yak gores you.
The yak snorts and paws the ground.
The yak misses you.
You climb upwards.
There is a stone staircase leading down, spattered with blood here.
Things that are here:
a +0 robe; a +0 dagger The yak closely misses you.
Things that are here:
a +0 robe; a +0 dagger You hit the yak.
You freeze the yak.
The yak is lightly wounded.
The yak barely misses you.
You puncture the yak! You freeze the yak.
Your tail-slap misses the yak.
The yak is heavily wounded.
You block the yak's attack.
You hit the yak. You freeze the yak. You tail-slap the yak!
The yak is severely wounded.
You barely miss the yak.
The yak is severely wounded.
The yak misses you.
You completely miss the yak. You tail-slap the yak.
The yak is almost dead.
The yak closely misses you.
You completely miss the yak.
The yak is almost dead.
The yak gores you but does no damage.
You completely miss the yak.
The yak is almost dead.
You completely miss the yak.
The yak is almost dead.
The yak closely misses you.
You barely miss the yak. You tail-slap the yak.
The yak is almost dead.
You block the yak's attack.
You completely miss the yak.
The yak is almost dead.
You puncture the yak! You freeze the yak.
You kill the yak!
Dithmenos accepts your kill.
Your Shields skill increases to level 2!
You puncture the yak! You freeze the yak.
The yak is lightly wounded.
The yak gores you but does no damage.
You hit the yak. You freeze the yak.
The yak is moderately wounded.
You barely miss the yak.
The yak is moderately wounded.
The yak barely misses you.
You hit the yak. You freeze the yak.
The yak is moderately wounded.
The yak gores you!
You barely miss the yak. You tail-slap the yak.
The yak is heavily wounded.
The yak gores you but does no damage.
You barely miss the yak. You tail-slap the yak.
The yak is heavily wounded.
You hit the yak. You freeze the yak.
The yak is severely wounded.
The yak barely misses you.
You closely miss the yak. You tail-slap the yak!
The yak is severely wounded.
The yak barely misses you.
You hit the yak. You freeze the yak.
Your tail-slap misses the yak.
The yak is almost dead.
You hit the yak. You freeze the yak.
The yak is almost dead.
The yak closely misses you.
You hit the yak. You freeze the yak.
You kill the yak!
Dithmenos accepts your kill.
Things that are here:
a yak corpse; a yak corpse
Things that are here:
a +0 robe; a +0 dagger
There is a stone staircase leading down, spattered with blood here.
Things that are here:
a +0 robe; a +0 dagger You start resting.
HP restored.
You climb downwards.
There is a stone staircase leading up, spattered with blood here.
There is a stone staircase leading down here.
An orc wizard comes into view. It is wielding a +0 dagger.
An orc wizard is nearby!
An orc wizard is nearby!
You roll towards the orc wizard! 2 orcs come into view.
You roll towards the orc wizard!
The orc wizard shouts!
The orc shouts! x2
You hit the orc wizard. You freeze the orc wizard.
The orc wizard is moderately wounded.
You hear a shout!
An orc comes into view. It is wielding a +0 club.
The orc wizard hits you with a +0 dagger.
You hit the orc wizard. You freeze the orc wizard.
The orc wizard is heavily wounded.
You barely miss the orc wizard.
The orc wizard is heavily wounded.
An orc comes into view. It is wielding a +0 whip.
The orc shouts!
You hit the orc wizard but do no damage.
The orc wizard is heavily wounded.
The orc closely misses you. The orc wizard closely misses you.
You hit the orc wizard. You freeze the orc wizard.
The orc wizard is almost dead.
You barely miss the orc wizard. You tail-slap the orc wizard.
You kill the orc wizard!
Dithmenos accepts your kill. You block the orc's attack.
The orc completely misses you.
You puncture the orc! You freeze the orc.
You kill the orc!
Dithmenos accepts your kill. The orc hits you but does no damage.
You hit the orc. You freeze the orc. You tail-slap the orc.
You kill the orc!
Dithmenos accepts your kill.
You hit the orc. You freeze the orc.
The orc is moderately wounded.
The orc hits you but does no damage.
You puncture the orc! You freeze the orc.
You kill the orc!
Dithmenos accepts your kill.
You hit the orc. You freeze the orc. You tail-slap the orc.
You kill the orc!
Dithmenos accepts your kill.
No target in view!
No target in view!
No target in view!
No target in view!
No target in view!
No target in view!
No target in view!
No target in view!
No target in view!
No target in view!
No target in view!
No target in view!
No target in view!
HP restored.
You now have 561 gold pieces (gained 11).
Items here: ))) [[ †.
T - a murky orange potion
Things that are here:
a +0 dagger; a +0 leather armour
F - a wand of flame (57) (gained 11 charges)
K - 2 murky red potions (gained 1)
A gargoyle comes into view. It is wielding a +0 flail.
Found 5 stones.
Found a stone staircase leading down.
A gargoyle is nearby!
A centaur comes into view. It is wielding a +0 mace.
A centaur is nearby!
A centaur is nearby!
A centaur is nearby!
The centaur unwields a +0 mace.
The centaur wields a +0 shortbow.
The centaur shoots an arrow.
The arrow completely misses you.
The centaur shoots an arrow.
You reflect the arrow off an invisible shield around you!
The arrow hits the centaur!
The centaur shoots an arrow.
The arrow hits you but does no damage.
The centaur shoots an arrow.
You reflect the arrow off an invisible shield around you!
The arrow barely misses the centaur.
The centaur unwields a +0 shortbow.
The centaur wields a +0 mace.
The centaur hits you with a +0 mace!
The centaur kicks you but does no damage.
You hit the centaur. You freeze the centaur. You tail-slap the centaur.
The centaur is almost dead.
You block the centaur's attack. The centaur misses you.
You barely miss the centaur. You tail-slap the centaur.
You kill the centaur!
Dithmenos accepts your kill.
P - 2 scrolls labelled ZYSAHE MUTISH (gained 1)
Things that are here:
a +0 mace; a +0 shortbow; a centaur corpse
Found 5 javelins.
Found a scale mail.
You now have 577 gold pieces (gained 16).
A vampire comes into view.
A vampire is nearby!
Found a robe.
Found a stone staircase leading up.
Found a scale mail.
There is a stone staircase leading up here.
A killer bee comes into view. x3
The killer bee moves out of view.
You see here 16 gold pieces.
Found 14 gold pieces.
A killer bee comes into view.
The killer bee moves out of view.
A killer bee comes into view.
The killer bee buzzes angrily. x5
The killer bee stings you but does no damage.
You block the killer bee's attack.
The killer bee stings you but does no damage.
The killer bee barely misses you.
You miss the killer bee.
The killer bee stings you but does no damage.
The killer bee barely misses you.
The killer bee stings you but does no damage.
The killer bee barely misses you.
You hit the killer bee. You freeze the killer bee.
The killer bee is moderately wounded.
The killer bee misses you.
The killer bee stings you but does no damage.
You miss the killer bee.
The killer bee is moderately wounded.
The killer bee barely misses you. The killer bee stings you.
The killer bee closely misses you. x2
You closely miss the killer bee.
Your tail-slap misses the killer bee.
The killer bee is moderately wounded.
The killer bee stings you but does no damage.
The killer bee stings you.
You puncture the killer bee! You freeze the killer bee.
You kill the killer bee!
Dithmenos accepts your kill. You block the killer bee's attack.
Your Shields skill increases to level 3!
You hit the killer bee. You freeze the killer bee.
Your tail-slap misses the killer bee.
The killer bee is lightly wounded.
The killer bee misses you. You block the killer bee's attack.
The killer bee closely misses you.
The killer bee stings you but does no damage.
You puncture the killer bee! You freeze the killer bee.
The killer bee is almost dead.
The killer bee barely misses you. The killer bee closely misses you.
You hit the killer bee. You freeze the killer bee.
You kill the killer bee!
Dithmenos accepts your kill. The killer bee stings you.
The killer bee closely misses you.
The killer bee stings you but does no damage.
You puncture the killer bee! You freeze the killer bee.
Your tail-slap misses the killer bee.
The killer bee is heavily wounded.
The killer bee barely misses you. x2
You closely miss the killer bee. The killer bee closely misses you.
The killer bee stings you.
You hit the killer bee but do no damage.
The killer bee is heavily wounded.
The killer bee stings you but does no damage.
The killer bee stings you.
The killer bee stings you but does no damage.
The killer bee barely misses you.
You hit the killer bee. You freeze the killer bee.
You tail-slap the killer bee.
You kill the killer bee!
Dithmenos accepts your kill. The killer bee barely misses you.
You hit the killer bee. You freeze the killer bee.
The killer bee is lightly wounded.
The killer bee closely misses you.
The killer bee stings you but does no damage. x2
You block the killer bee's attack.
You hit the killer bee. You freeze the killer bee.
Your tail-slap misses the killer bee.
The killer bee is heavily wounded.
The killer bee barely misses you.
The killer bee stings you but does no damage.
You puncture the killer bee! You freeze the killer bee.
You kill the killer bee!
Dithmenos accepts your kill. You block the killer bee's attack.
The killer bee closely misses you.
The killer bee stings you but does no damage.
You see here a killer bee corpse.
You miss the killer bee. You block the killer bee's attack. x2
You hit the killer bee. You freeze the killer bee.
The killer bee is severely wounded.
You block the killer bee's attack.
You hit the killer bee. You freeze the killer bee.
You kill the killer bee!
Dithmenos accepts your kill.
You see here a killer bee corpse.
You now have 593 gold pieces (gained 16).
Found an escape hatch in the ceiling.
You now have 607 gold pieces (gained 14).
Found a stone staircase leading down.
There is a stone staircase leading down here.
Partly explored, can't reach some places.
Partly explored, can't reach some places.
Partly explored, can't reach some places.
Partly explored, can't reach some places.
Partly explored, can't reach some places.
(D) Dungeon (T) Temple (O) Orcish Mines
Where to? (Enter - D:10, ? - help)
There is a stone staircase leading down here.
You climb downwards.
You feel a wave of frost pass over you.
There is an entrance to an ice cave on this level.
Hurry and find it before the portal melts!
Found a staircase to the Lair.
There is a stone staircase leading up here.
Search for what [Enter for "short", or ? for help]? rc+
Okay, then.
Found a long sword.
You see here a +0 long sword.
A spriggan simulacrum comes into view.
You're wearing all the rings you can.
Remove which one? (? for menu, Esc to cancel) < or
B - a +4 ring of evasion; > or
r - a +4 ring of slaying You remove your +4 ring of evasion.
You feel more attuned to ice.
You feel weaker.
You feel agile.
y - the ring of the Princeling (left hand) {Ice Will+++ Str-5 Dex+3} A two-headed ogre simulacrum comes into view.
You see here a scroll labelled BAT UVUIKUFEW.
Found a frozen archway.
Found a scroll labelled KATACYS GOWONK.
You roll towards the spriggan simulacrum!
The helpless spriggan simulacrum fails to defend itself.
You stick the spriggan simulacrum like a pincushion!!!!
The spriggan simulacrum vaporises!
Dithmenos accepts your kill.
Really walk into that cloud of freezing vapour?
Okay, then.
You roll towards the two-headed ogre simulacrum!
You puncture the two-headed ogre simulacrum!
You tail-slap the two-headed ogre simulacrum!
The two-headed ogre simulacrum is severely damaged.
You puncture the two-headed ogre simulacrum!
The two-headed ogre simulacrum vaporises!
Dithmenos accepts your kill.
Really walk into that cloud of freezing vapour?
Okay, then.
b - 6 scrolls labelled BAT UVUIKUFEW (gained 1)
i - 11 scrolls labelled KATACYS GOWONK (gained 1)
You hear the faint crackling of a melting archway.
There is a frozen archway here.
As you read the scroll labelled KATACYS GOWONK, it crumbles to dust.
It is a scroll of identify.
b - 6 scrolls of teleportation
As you read the scroll of identify, it crumbles to dust.
u - 4 scrolls of noise
As you read the scroll of identify, it crumbles to dust.
x - 3 scrolls of immolation
As you read the scroll of identify, it crumbles to dust.
k - 2 scrolls of amnesia You drop 4 scrolls of noise.
As you read the scroll of identify, it crumbles to dust.
m - 2 potions of invisibility
As you read the scroll of identify, it crumbles to dust.
c - 2 potions of brilliance
As you read the scroll of identify, it crumbles to dust.
w - 3 potions of ambrosia
As you read the scroll of identify, it crumbles to dust.
t - 2 potions of berserk rage
As you read the scroll of identify, it crumbles to dust.
K - 2 potions of mutation
As you read the scroll of identify, it crumbles to dust.
p - 3 scrolls of fear
As you read the scroll of identify, it crumbles to dust.
C - 2 potions of lignification
Okay, then.
Unknown command.
Unknown command.
Unknown command.
The world spins around you as you enter the gateway.
You enter an ice cave!
Found an ice covered gate leading back out of this place.
There is an ice choked empty arch of ancient stone here.
A naga simulacrum comes into view.
A naga simulacrum is nearby!
A naga simulacrum is nearby!
An ufetubus, a naga simulacrum, a troll simulacrum and a two-headed ogre simulacrum come into view.
Unknown command.
You roll towards the naga simulacrum!
You hit the naga simulacrum but do no damage.
You hit the naga simulacrum.
The naga simulacrum is lightly damaged.
The naga simulacrum hits you! The naga simulacrum freezes you. You resist.
You block the naga simulacrum's attack.
You hit the naga simulacrum. You tail-slap the naga simulacrum!
The naga simulacrum is severely damaged.
The naga simulacrum hits you but does no damage.
You block the naga simulacrum's attack.
You hit the naga simulacrum.
The naga simulacrum is almost destroyed.
You hit the naga simulacrum.
The naga simulacrum vaporises!
Dithmenos accepts your kill.
You start resting.
HP restored.
Throw: 27 darts (poison)
Press: ? - help, Q - select action, (/) - cycle Shift-Dir - straight line, f - naga simulacrum
Aim: a naga simulacrum (dormant, 98% to hit)
You throw a poisoned dart.
The poisoned dart hits the naga simulacrum.
You start waiting.
A naga simulacrum is nearby!
You roll towards the naga simulacrum!
You hit the naga simulacrum but do no damage.
You barely miss the naga simulacrum.
The naga simulacrum hits you but does no damage.
You block the naga simulacrum's attack.
You hit the naga simulacrum. You tail-slap the naga simulacrum.
The naga simulacrum is heavily damaged.
You block the naga simulacrum's attack. The naga simulacrum grabs you.
The naga simulacrum constricts you.
You hit the naga simulacrum.
The naga simulacrum is severely damaged.
You hit the naga simulacrum but do no damage.
The naga simulacrum is severely damaged.
The naga simulacrum barely misses you. The naga simulacrum constricts you.
You hit the naga simulacrum.
The naga simulacrum is almost destroyed.
You puncture the naga simulacrum!
The naga simulacrum vaporises!
Dithmenos accepts your kill.
Really walk into that cloud of freezing vapour?
Okay, then.
Throw: 26 darts (poison)
Press: ? - help, Q - select action, (/) - cycle Shift-Dir - straight line, f - two-headed ogre simulacrum
Aim: a two-headed ogre simulacrum (dormant, 98% to hit)
You throw a poisoned dart.
The poisoned dart hits the two-headed ogre simulacrum.
You start waiting.
A two-headed ogre simulacrum is nearby!
You roll towards the two-headed ogre simulacrum!
You puncture the two-headed ogre simulacrum!
The two-headed ogre simulacrum is moderately damaged.
The two-headed ogre simulacrum barely misses you.
The two-headed ogre simulacrum hits you.
The two-headed ogre simulacrum freezes you!
You resist.
You puncture the two-headed ogre simulacrum!
The two-headed ogre simulacrum is heavily damaged.
You hit the two-headed ogre simulacrum.
The two-headed ogre simulacrum is severely damaged.
You hit the two-headed ogre simulacrum.
The two-headed ogre simulacrum is almost destroyed.
The two-headed ogre simulacrum barely misses you.
The two-headed ogre simulacrum hits you but does no damage.
You hit the two-headed ogre simulacrum.
The two-headed ogre simulacrum vaporises!
Dithmenos accepts your kill.
You start resting.
HP restored.
Throw: 25 darts (poison)
Press: ? - help, Q - select action, (/) - cycle Shift-Dir - straight line, f - troll simulacrum
Aim: a troll simulacrum (dormant, 98% to hit)
You throw a poisoned dart.
The poisoned dart hits the troll simulacrum.
An ice devil comes into view.
There is an ice choked empty arch of ancient stone here.
Okay, then.
There is an ice choked empty arch of ancient stone here.
You roll towards the ice devil!
There is an ice choked empty arch of ancient stone here.
There is an ice covered gate leading back out of this place here.
Aiming: Mindburst
Press: ? - help, Shift-Dir - straight line, f - ice devil, p - troll simulacrum
Aim: an ice devil (umbra, chance to affect: 16%)
Okay, then.
Okay, then.
Okay, then.
Unknown command.
You hit the ice devil but do no damage.
Your tail-slap misses the ice devil.
The ice devil hits you but does no damage.
You closely miss the ice devil. The ice devil hits you!
The ice devil freezes you. You resist.
You barely miss the ice devil. You hit the ice devil but do no damage.
The ice devil hits you but does no damage.
Okay, then.
Unknown command.
The ice devil hits you but does no damage.
Welcome back to the Dungeon!
There is a collapsed entrance here.
You see here 4 scrolls of noise.
Aiming: Corrosive Bolt
Press: ? - help, Shift-Dir - straight line, f - ice devil
Aim: an ice devil (umbra, 71% to hit)
The bolt of acid hits the ice devil.
The acid corrodes the ice devil!
The ice devil is lightly wounded.
The ice devil hits you but does no damage.
You hit the ice devil but do no damage. You tail-slap the ice devil.
The ice devil is moderately wounded.
The ice devil hits you. The ice devil freezes you. You resist.
You barely miss the ice devil.
The ice devil is moderately wounded.
You closely miss the ice devil.
The ice devil is moderately wounded.
The ice devil hits you but does no damage.
You hit the ice devil. You tail-slap the ice devil.
Your punch misses the ice devil.
The ice devil is moderately wounded.
The ice devil hits you but does no damage.
You puncture the ice devil!
The ice devil is heavily wounded.
The ice devil hits you! The ice devil freezes you! You resist.
* * * LOW HITPOINT WARNING * * *
You puncture the ice devil! You tail-slap the ice devil.
The ice devil is severely wounded.
You hit the ice devil. You tail-slap the ice devil!
The ice devil is almost dead.
The ice devil hits you but does no damage.
You puncture the ice devil!
You kill the ice devil!
Dithmenos accepts your kill.
Your Shields skill increases to level 4!
HP restored.
Found a stone staircase leading down.
The orc warrior shouts!
Found a ring mail and a robe.
Found a roughly hewn altar of Beogh.
Found a transporter.
There is a transporter landing site here.
There is a stone staircase leading down here.
p - 4 scrolls of fear (gained 1)
Found a spear.
You see here a +0 spear.
A two-headed ogre comes into view. It is wielding two +0 giant clubs.
A two-headed ogre is nearby!
A two-headed ogre is nearby!
A two-headed ogre is nearby!
Found a scroll of immolation.
The helpless two-headed ogre fails to defend itself.
You spit the two-headed ogre like a pig!!!!
You freeze the two-headed ogre!!
You kill the two-headed ogre!
Dithmenos accepts your kill.
Training target 10.0 for Hexes reached!
Your Shields skill increases to level 5!
Your Hexes skill increases to level 10!
x - 4 scrolls of immolation (gained 1)
h - 2 scrolls labelled SYME KEMUORAO (gained 1)
Found a stone staircase leading up.
There is a strange disturbance nearby!
There is a strange disturbance nearby!
No target in view!
No target in view!
Deactivating autopickup; reactivate with Ctrl-A.
You hit something. You freeze something.
Your tail-slap misses something.
Something hits you. Something hits you but does no damage.
You puncture something! You freeze something. Something hits you.
You block something's attack.
You hit something. You freeze something. Something hits you.
Something hits you but does no damage. Something hits you but does no damage.
Something hits you!
Something hits you but does no damage. x2
Something hits you but does no damage.
Something hits you but does no damage. x3
Something hits you but does no damage. x3
Something hits you but does no damage. Something hits you. Something hits you.
You block something's attack. Something hits you but does no damage.
Something hits you. Something hits you but does no damage.
Something hits you but does no damage. Something hits you.
Something hits you but does no damage. Something hits you.
Something hits you but does no damage.
You hit something. You freeze something. Something hits you.
You swing at nothing.
You miss something. Something hits you but does no damage.
You swing at nothing.
You swing at nothing.
Something hits you but does no damage.
You hit something. You freeze something. Something hits you!
* * * LOW HITPOINT WARNING * * *
You swing at nothing.
You closely miss something. Something hits you.
* * * LOW HITPOINT WARNING * * *
You swing at nothing.
You swing at nothing.
Something hits you but does no damage.
You hit something. You freeze something. You tail-slap something.
Something hits you but does no damage.
You swing at nothing.
You swing at nothing.
Something hits you but does no damage.
You puncture something! You freeze something. Something hits you.
* * * LOW HITPOINT WARNING * * *
You swing at nothing.
You swing at nothing.
You swing at nothing.
You swing at nothing.
You swing at nothing.
You swing at nothing.
You swing at nothing.
You swing at nothing.
You swing at nothing.
You swing at nothing.
You swing at nothing.
You swing at nothing.
You swing at nothing.
You swing at nothing.
You start resting.
There is a strange disturbance nearby!
You swing at nothing.
You swing at nothing.
You swing at nothing.
You swing at nothing.
You hit something. You freeze something. You tail-slap something.
Something hits you.
You swing at nothing.
You swing at nothing.
Something completely misses you.
You hit something. You freeze something. You tail-slap something.
Dithmenos accepts your kill.
Reactivating autopickup.
You feel a bit more experienced.
Your Shields skill increases to level 6!
You swing at nothing.
You swing at nothing.
You swing at nothing.
You swing at nothing.
You start resting.
HP restored.
You see here a +0 spear.
You see here a +3 leather armour.
i - a grey potion
u - a wand of paralysis (3)
A wyvern comes into view.
Found a wooden wand.
Found Cheibriados's Comfort Zone.
Found a snail-covered altar of Cheibriados.
A wyvern is nearby!
A wyvern is nearby!
An acid dragon comes into view.
Found 16 gold pieces.
You roll towards the acid dragon!
The acid dragon roars!
You hit the acid dragon. You freeze the acid dragon.
The acid dragon is lightly wounded.
The wyvern hisses angrily.
The acid dragon barely misses you.
The acid dragon claws you but does no damage.
The acid dragon attacks as you move away!
The acid dragon bites you but does no damage.
The acid dragon closely misses you.
A two-headed ogre comes into view. It is wielding two +0 giant clubs.
The two-headed ogre moves out of view.
The wyvern attacks as you move away! You block the wyvern's attack.
The acid dragon attacks as you move away!
The acid dragon bites you but does no damage.
The acid dragon claws you but does no damage.
The wyvern bites you.
The acid dragon attacks as you move away!
You block the acid dragon's attack. The acid dragon closely misses you.
The acid dragon spits acid at you. The splash of acid hits you! You resist.
The two-headed ogre shouts in stereo!
The wyvern bites you but does no damage.
You closely miss the wyvern.
The wyvern bites you but does no damage.
You hit the wyvern. You freeze the wyvern.
The wyvern is lightly wounded.
The wyvern bites you.
You hit the wyvern. You freeze the wyvern.
The wyvern is moderately wounded.
The wyvern bites you but does no damage.
You hit the wyvern. You freeze the wyvern.
The wyvern is heavily wounded.
You block the wyvern's attack.
You hit the wyvern. You freeze the wyvern.
The wyvern is heavily wounded.
The wyvern bites you.
You hit the wyvern but do no damage.
The wyvern is heavily wounded.
The wyvern bites you.
You hit the wyvern. You freeze the wyvern.
The wyvern is severely wounded.
The wyvern bites you.
Aiming: Corrosive Bolt
Press: ? - help, Shift-Dir - straight line, f - two-headed ogre
Aim: a two-headed ogre, wielding two +0 giant clubs (umbra, 86% to hit)
The bolt of acid misses the wyvern.
The bolt of acid hits the acid dragon.
The acid dragon is moderately wounded.
The bolt of acid misses the two-headed ogre.
The wyvern bites you but does no damage.
Okay, then.
Aiming: Corrosive Bolt
Press: ? - help, Shift-Dir - straight line, f/p - two-headed ogre
Aim: a two-headed ogre, wielding two +0 giant clubs (umbra, 86% to hit)
The bolt of acid misses the wyvern.
The bolt of acid hits the two-headed ogre!
The acid corrodes the two-headed ogre!
The two-headed ogre is lightly wounded.
The wyvern bites you! You block the wyvern's attack.
Aiming: Corrosive Bolt
Press: ? - help, Shift-Dir - straight line, f/p - two-headed ogre
Aim: a two-headed ogre, wielding two +0 giant clubs (lightly wounded, covered in acid, umbra, 86% to hit)
The bolt of acid hits the wyvern!
The acid corrodes the wyvern!
You kill the wyvern!
Dithmenos accepts your kill.
You will now sometimes bleed smoke when heavily injured by enemies.
The bolt of acid hits the two-headed ogre!!
The two-headed ogre seems to be corroded for longer.
The two-headed ogre is heavily wounded.
You puncture the two-headed ogre! You freeze the two-headed ogre.
The two-headed ogre is severely wounded.
The two-headed ogre barely misses you. The two-headed ogre closely misses you.
You hit the two-headed ogre. You freeze the two-headed ogre.
The two-headed ogre is almost dead.
You barely miss the two-headed ogre.
Your tail-slap misses the two-headed ogre.
The two-headed ogre is almost dead.
The two-headed ogre hits you with a +0 giant club!
You block the two-headed ogre's attack.
You puncture the two-headed ogre! You freeze the two-headed ogre.
You kill the two-headed ogre!
Dithmenos accepts your kill. The acid dragon spits acid at you.
The splash of acid hits you. You resist.
* * * LOW HITPOINT WARNING * * *
Training target 7.0 for Shields reached!
Your Shields skill increases to level 7!
You need to enable at least one skill for training.
Unknown command.
Casting: Confusing Touch (safe; 1% risk of failure)
Confirm with . or Enter, or press ? or * to list all spells.
Your hands begin to glow red.
You hit the acid dragon but do no damage.
Your tail-slap misses the acid dragon.
The acid dragon is moderately wounded.
You hit the acid dragon but do no damage.
The acid dragon is moderately wounded.
The acid dragon bites you but does no damage.
The acid dragon claws you.
* * * LOW HITPOINT WARNING * * *
You hit the acid dragon but do no damage.
The acid dragon is moderately wounded.
The acid dragon bites you but does no damage.
The acid dragon claws you but does no damage.
You hit the acid dragon but do no damage.
The acid dragon appears confused.
The acid dragon is moderately wounded.
You roll towards the acid dragon!
You hit the acid dragon. You freeze the acid dragon.
You tail-slap the acid dragon, but do no damage.
The acid dragon is severely wounded.
You puncture the acid dragon! You freeze the acid dragon.
The acid dragon is almost dead.
The acid dragon bites you but does no damage.
The acid dragon claws you but does no damage.
You completely miss the acid dragon.
The acid dragon is almost dead.
The acid dragon bites you but does no damage.
The acid dragon claws you but does no damage.
You hit the acid dragon. You freeze the acid dragon.
You kill the acid dragon!
Dithmenos accepts your kill.
The acid dragon scales are intact enough to wear.
You have reached level 11!
Things that are here:
+0 acid dragon scales; an acid dragon corpse
Things that are here:
a +0 giant club; a +0 giant club; a two-headed ogre corpse You start resting.
Magic restored.
You start resting.
HP restored.
Things that are here:
+0 acid dragon scales; an acid dragon corpse
Found a stone staircase leading down.
You now have 623 gold pieces (gained 16).
There is a snail-covered altar of Cheibriados here.
There is an entrance to Cheibriados's Comfort Zone here.
You can access your shopping list by pressing '$'.
U - a wand of digging (2)
t - 3 potions of berserk rage (gained 1)
Found a stone staircase leading down.
Found 4 stones.
There is a stone staircase leading down here.
You now have 626 gold pieces (gained 3).
Found a transporter.
Found a phial of floods.
The orc wizard shouts!
You hear a shout!
The orc warrior shouts!
You hear a shout! x2; The orc shouts!
You now have 649 gold pieces (gained 23).
There is a transporter here.
Key pressed, stopping explore.
You open the door.
There is an open door here.
You now have 659 gold pieces (gained 10).
A wyvern comes into view.
You roll towards the wyvern!
Found a ring mail.
You roll towards the wyvern!
The helpless wyvern fails to defend itself.
You stick the wyvern like a pincushion!!!!
You freeze the wyvern.
You kill the wyvern!
Dithmenos accepts your kill.
No target in view!
You see here a wyvern corpse.
You see here a +0 ring mail.
A yak comes into view.
A yak is nearby!
A yak is nearby!
You roll towards the yak!
You roll towards the yak!
A yak comes into view.
You roll towards the yak!
The helpless yak fails to defend itself.
You spit the yak like a pig!!!! You freeze the yak!!
You kill the yak!
Dithmenos accepts your kill. 2 yaks come into view.
You see here a yak corpse.
You roll towards the yak!
The helpless yak fails to defend itself.
You perforate the yak like a sieve!!!! You freeze the yak.
You kill the yak!
Dithmenos accepts your kill.
The helpless yak fails to defend itself.
You spit the yak like a pig!!!! You freeze the yak!
You kill the yak!
Dithmenos accepts your kill.
The helpless yak fails to defend itself.
You stick the yak like a pincushion!!!! You freeze the yak!
You kill the yak!
Dithmenos accepts your kill.
Found a stone staircase leading up.
V - an amulet of guardian spirit
There is a stone staircase leading down here.
A two-headed ogre comes into view. It is wielding two +0 giant clubs.
Found a potion of curing.
A two-headed ogre is nearby!
A two-headed ogre is nearby!
The helpless two-headed ogre fails to defend itself.
You spit the two-headed ogre like a pig!!!!
You freeze the two-headed ogre!!
You kill the two-headed ogre!
Dithmenos accepts your kill.
Things that are here:
a +0 giant club; a +0 giant club; a two-headed ogre corpse
f - 5 potions of curing (gained 1)
b - 8 scrolls of teleportation (gained 2) Partly explored, unvisited transporter.
Partly explored, unvisited transporter.
Partly explored, unvisited transporter.
Partly explored, unvisited transporter.
No target in view!
Partly explored, unvisited transporter.
Partly explored, unvisited transporter.
(D) Dungeon (T) Temple (L) Lair (O) Orcish Mines
Where to? (Enter - D:11, ? - help)
There is a stone staircase leading down here.
You climb downwards.
You hear a distant snort.
Hark!
There is a gateway to a gauntlet on this level.
Find the entrance quickly before the gate is sealed!
There is a stone staircase leading up here.
Unknown command.
Found an escape hatch in the floor.
Found an escape hatch in the ceiling.
Found a quarterstaff.
Found 5 boomerangs.
You hear the beating of a very distant drum.
You see here a +0 quarterstaff.
You see here 5 boomerangs.
Found a stone staircase leading down.
Found a dagger.
You now have enough gold to buy the ring of Impioz {Will+++ EV+4 Str-4 Int-4 Dex+6} on D:3, or buy a Necronomicon on D:7.
You can access your shopping list by pressing '$'.
You now have 687 gold pieces (gained 28).
W - a wand of iceblast (5)
You now have 708 gold pieces (gained 21).
You hear the loud beating of a distant drum.
Found a stone staircase leading up.
Found a stone staircase leading down.
You now have 727 gold pieces (gained 19).
A troll comes into view.
A troll is nearby!
A gargoyle comes into view. It is wielding a +0 flail.
The helpless gargoyle fails to defend itself.
You spit the gargoyle like a pig!!!! You freeze the gargoyle!
You destroy the gargoyle!
Dithmenos accepts your kill.
You roll towards the troll!
The helpless troll fails to defend itself.
You stick the troll like a pincushion!!!!
You freeze the troll!!
You kill the troll!
Dithmenos accepts your kill.
The troll leather armour is intact enough to wear.
No target in view!
Things that are here:
a +0 troll leather armour; a troll corpse You hear the loud beating of a very distant drum.
A yak comes into view.
A yak is nearby!
A yak is nearby!
You roll towards the yak!
An orc warrior and a vampire come into view.
The helpless yak fails to defend itself.
You spit the yak like a pig!!!! You freeze the yak!
You kill the yak!
Dithmenos accepts your kill.
Your Short Blades skill increases to level 7!
Found 33 gold pieces.
You roll towards the orc warrior!
The helpless orc warrior fails to defend itself.
You stick the orc warrior like a pincushion!!!!
You freeze the orc warrior.
You kill the orc warrior!
Dithmenos accepts your kill.
You puncture the vampire!
The vampire is moderately damaged.
The vampire hits you but does no damage.
The vampire bites you but does no damage.
You hit the vampire but do no damage. You tail-slap the vampire.
The vampire is moderately damaged.
You hit the vampire but do no damage.
The vampire is moderately damaged.
The vampire closely misses you.
The vampire bites you but does no damage.
You barely miss the vampire. You tail-slap the vampire.
The vampire is heavily damaged.
The vampire barely misses you.
The vampire bites you but does no damage.
You hit the vampire but do no damage.
The vampire is heavily damaged.
You hit the vampire. You freeze the vampire.
The vampire is severely damaged.
The vampire barely misses you. The vampire closely misses you.
You hit the vampire.
The vampire is severely damaged.
The vampire completely misses you. The vampire bites you.
The vampire draws strength from your injuries!
You hit the vampire but do no damage.
The vampire is heavily damaged.
You hit the vampire but do no damage.
Your tail-slap misses the vampire.
The vampire is heavily damaged.
The vampire hits you! The vampire barely misses you.
You hit the vampire but do no damage.
The vampire is heavily damaged.
The vampire draws life force from you!
The vampire is healed by the life force!
You hit the vampire.
The vampire is heavily damaged.
You hit the vampire but do no damage.
The vampire is heavily damaged.
The vampire hits you but does no damage.
The vampire bites you but does no damage.
You hit the vampire.
The vampire is heavily damaged.
You puncture the vampire! You freeze the vampire.
Your tail-slap misses the vampire.
The vampire is almost destroyed.
The vampire draws life force from you!
The vampire is healed by the life force!
You are too injured to fight recklessly!
You are too injured to fight recklessly!
You are too injured to fight recklessly!
You are too injured to fight recklessly!
You are too injured to fight recklessly!
You are too injured to fight recklessly!
You are too injured to fight recklessly!
You are too injured to fight recklessly!
You hit the vampire.
The vampire is severely damaged.
The vampire draws life force from you!
* * * LOW HITPOINT WARNING * * *
The vampire is healed by the life force!
You puncture the vampire! You tail-slap the vampire.
The vampire is severely damaged.
You hit the vampire.
The vampire is severely damaged.
The vampire gestures wildly while chanting.
The vampire flickers and vanishes!
Deactivating autopickup; reactivate with Ctrl-A.
Aiming: Corrosive Bolt
Press: ? - help, Shift-Dir - straight line Something draws life force from you!!
* * * LOW HITPOINT WARNING * * *
Aiming: Corrosive Bolt
Press: ? - help, Shift-Dir - straight line The now-empty wand crumbles to dust.
Something hits you but does no damage. Something bites you but does no damage.
Okay, then.
Okay, then.
You don't have any such object.
Evoke which item? (* to show all) (? for menu, Esc to quit)
Huh?
Evoke which item? (* to show all) (? for menu, Esc to quit)
Okay, then.
Unknown command.
Okay, then.
As you read the scroll of teleportation, it crumbles to dust.
You feel strangely unstable. Something hits you but does no damage.
Something bites you but does no damage. Something hits you but does no damage.
Something bites you but does no damage.
You hit something. You hit something. Something draws life force from you!
* * * LOW HITPOINT WARNING * * *
You hit something. You closely miss something.
Something hits you but does no damage. Something bites you!
* * * LOW HITPOINT WARNING * * *
Something draws strength from your injuries!
You hit something.
Your tail-slap misses something.
Something draws life force from you!!
You die...

##♣.♣##
#.♣.♣.#
#♣.♣.♣#
#.♣.♣.#
#♣.♣.♣#
#.♣.♣.#
#♣.♣.♣#
..♣♣♣♣♣.♣♣#
.......@..#
$$♣♣♣♣♣{♣♣#
.♣. .♣ ♣.
#♣ ♣#


There were no monsters in sight!

Vanquished Creatures
  3 two-headed ogres (D:11)
  Maurice (D:8)
  A gargoyle (D:12)
  An unseen horror (D:11)
  Maggie (D:6)
  An ice devil (D:11)
  A kobold demonologist (D:8)
  A troll (D:12)
  Sigmund (D:3)
  2 wraiths
  4 wyverns
  9 yaks
  2 acid dragons
  2 water moccasins
  An ice beast (D:8)
  A sky beast (D:7)
  2 orc warriors
  3 black bears
  5 centaurs
  2 phantoms
  4 bullfrogs
  2 kobold brigands
  A scorpion (D:4)
  2 two-headed ogre simulacra
  2 necrophages
  8 killer bees
  4 howler monkeys
  A jelly (D:4)
  A hound (D:7)
  5 orc priests
  Crazy Yiuf (D:3)
  6 iguanas
  Ijyb (D:3)
  11 orc wizards
  A scorpion zombie (D:4)
  A spriggan simulacrum (D:11)
  2 hound zombies (D:4)
  Robin (D:3)
  6 gnolls
  2 naga simulacra (IceCv)
  6 adders
  An ufetubus (D:6)
  2 adder zombies (D:4)
  A worm (D:3)
  5 dart slugs
  35 orcs
  5 ball pythons
  5 endoplasms
  2 giant cockroaches
  24 goblins
  15 hobgoblins
  8 quokkas
  7 bats
  2 frilled lizards (D:2)
  13 kobolds
  4 rats
241 creatures vanquished.

Vanquished Creatures (others)
  A wizard (D:3)
  2 plants (D:5)
3 creatures vanquished.

Grand Total: 244 creatures vanquished

Notes
Turn   | Place    | Note
-------+----------+-------------------------------------------
     0 | D:1      | sleeves the Armataur Brigand began the quest for the Orb.
     0 | D:1      | Reached XP level 1. HP: 18/18 MP: 1/1
    56 | D:1      | Reached skill level 2 in Short Blades
    99 | D:1      | Reached XP level 2. HP: 25/25 MP: 2/2
   273 | D:1      | Reached skill level 5 in Stealth
   425 | D:1      | Reached XP level 3. HP: 31/31 MP: 3/3
   960 | D:2      | Found a hide-covered altar of Uskayaw.
  1197 | D:2      | Identified the +4 dagger of Reinforcement {freeze, rF- rC+
                  | Str+6}
  1466 | D:2      | Found Ofevad Bekeh's Assorted Antiques.
  1780 | D:3      | Noticed Robin
  1799 | D:3      | Killed Robin
  1800 | D:3      | Reached skill level 3 in Short Blades
  1800 | D:3      | Reached XP level 4. HP: 38/38 MP: 4/4
  1880 | D:3      | Learned a level 3 spell: Confusing Touch
  1924 | D:3      | Found a bloodstained altar of Trog.
  1925 | D:3      | Noticed a wizard
  1931 | D:3      | Killed a wizard
  1998 | D:3      | Found Jeiriacs's Jewellery Shoppe.
  2053 | D:3      | Noticed Ijyb
  2175 | D:3      | Noticed Sigmund
  2194 | D:3      | Identified the ring of the Princeling {Ice Will+++ Str-5
                  | Dex+3}
  2211 | D:3      | Killed Sigmund
  2212 | D:3      | Reached skill level 6 in Stealth
  2212 | D:3      | Reached skill level 2 in Hexes
  2212 | D:3      | Reached XP level 5. HP: 39/43 MP: 5/5
  2212 | D:3      | Reached XP level 6. HP: 46/51 MP: 6/6
  2344 | D:3      | Killed Ijyb
  2345 | D:3      | Reached skill level 4 in Short Blades
  2429 | D:3      | Found a runed translucent door.
  2430 | D:3      | Noticed Crazy Yiuf
  2551 | D:3      | Killed Crazy Yiuf
  2784 | D:4      | Found a basalt altar of Yredelemnul.
  2897 | D:4      | Found a runed translucent gate.
  2897 | D:4      | Found a runed translucent gate.
  2898 | D:4      | Found a runed translucent gate.
  2900 | D:4      | Noticed bchevrier's ghost (novice GnWn)
  3068 | D:4      | Reached skill level 7 in Stealth
  3168 | D:4      | Reached skill level 3 in Hexes
  3168 | D:4      | Reached XP level 7. HP: 56/56 MP: 7/7
  3552 | D:5      | Entered Level 5 of the Dungeon
  3684 | D:5      | Reached skill level 5 in Short Blades
  3789 | D:5      | Found a radiant altar of Vehumet.
  3790 | D:5      | Found a shadowy altar of Dithmenos.
  3813 | D:5      | Became a worshipper of Dithmenos the Shadowed
  4001 | D:5      | Reached skill level 8 in Stealth
  4001 | D:5      | Reached skill level 4 in Hexes
  4693 | D:6      | Noticed Maggie
  4699 | D:6      | HP: 28/56 [Maggie/bolt of fire (28)]
  4704 | D:6      | HP: 16/55 [Maggie/bolt of fire (9)]
  4706 | D:6      | HP: 5/55 [Maggie/bolt of fire (12)]
  4710 | D:6      | Killed Maggie
  4711 | D:6      | Reached XP level 8. HP: 7/64 MP: 8/8
  5033 | D:6      | Reached skill level 6 in Short Blades
  5033 | D:6      | Reached skill level 5 in Hexes
  5042 | D:6      | Reached skill level 9 in Stealth
  5259 | D:6      | Found a staircase to the Ecumenical Temple.
  5827 | D:7      | Reached * piety under Dithmenos
  5828 | D:7      | Reached skill level 6 in Hexes
  5828 | D:7      | Reached XP level 9. HP: 71/71 MP: 9/9
  5875 | D:7      | Reached skill level 10 in Stealth
  6115 | D:7      | Found Hyomuome's Book Shop.
  6711 | D:8      | Noticed a kobold demonologist
  6718 | D:8      | Killed a kobold demonologist
  6719 | D:8      | Reached skill level 11 in Stealth
  6719 | D:8      | Reached skill level 7 in Hexes
  6720 | D:8      | Found a white marble altar of Elyvilon.
  6932 | D:8      | Found Hili's Jewellery Shop.
  6939 | D:8      | Noticed Maurice
  6955 | D:8      | Killed Maurice
  7143 | D:8      | Reached skill level 8 in Hexes
  7340 | D:9      | Reached skill level 12 in Stealth
  7340 | D:9      | Reached XP level 10. HP: 43/78 MP: 10/10
  7506 | D:9      | Reached ** piety under Dithmenos
  7635 | D:9      | Found Pakase's Weapon Emporium.
  7664 | D:9      | Found Avutu's Weapon Emporium.
  7799 | D:9      | Reached skill level 9 in Hexes
  7820 | D:9      | Found a staircase to the Orcish Mines.
  7872 | D:9      | HP: 37/78 [orc wizard/magic dart (4)]
  8123 | D:10     | Entered Level 10 of the Dungeon
  8290 | D:9      | Reached skill level 1 in Shields
  8360 | D:9      | Reached skill level 2 in Shields
  8486 | D:10     | Noticed a gargoyle
  8630 | D:10     | Reached skill level 3 in Shields
  8793 | D:11     | Found a staircase to the Lair.
  8818 | D:11     | Found a frozen archway.
  8859 | IceCv    | Entered an ice cave
  9109 | D:11     | HP: 37/78 [ice devil (7)]
  9113 | D:11     | Reached skill level 4 in Shields
  9252 | D:11     | Found a transporter.
  9252 | D:11     | Noticed a two-headed ogre
  9325 | D:11     | Noticed a two-headed ogre
  9327 | D:11     | Killed a two-headed ogre
  9328 | D:11     | Reached skill level 5 in Shields
  9328 | D:11     | Reached skill level 10 in Hexes
  9443 | D:11     | HP: 37/78 [something (7)]
  9451 | D:11     | HP: 33/78 [something (3)]
  9500 | D:11     | Reached skill level 6 in Shields
  9715 | D:11     | Found a snail-covered altar of Cheibriados.
  9715 | D:11     | Found Cheibriados's Comfort Zone.
  9719 | D:11     | Noticed a two-headed ogre
  9732 | D:11     | Reached *** piety under Dithmenos
  9736 | D:11     | Killed a two-headed ogre
  9736 | D:11     | HP: 35/78 [acid dragon/splash of acid (6)]
  9737 | D:11     | Reached skill level 7 in Shields
  9746 | D:11     | Reached XP level 11. HP: 38/84 MP: 7/11
  9994 | D:11     | Found a transporter.
  9996 | D:11     | Noticed an orc high priest
 10179 | D:11     | Noticed a two-headed ogre
 10181 | D:11     | Killed a two-headed ogre
 10409 | D:12     | Reached skill level 7 in Short Blades
 10425 | D:12     | HP: 40/84 [vampire/vampiric draining (10)]
 10432 | D:12     | HP: 13/84 [something (9)]
 10434 | D:12     | HP: 2/84 [something (11)]
 10435 | D:12     | Killed from afar by a vampire

Illustrated notes

Levels and vault maps discovered:
D:1:      dpeg_arrival_morbid_curiosity, layout_basic
D:2:      layout_loops_ring, serial_shops, nicolae_shop_waterfront, basic_altar,
          amcnicky_mini_rare_corridor_liquid
D:3:      layout_loops_ring, trog_wizard, serial_shops, nicolae_square_shop,
          uniq_ijyb, uniq_sigmund, uniq_crazy_yiuf_cottage, uniq_robin
D:4:      cheibrodos_greedy_goblins, layout_basic,
          nicolae_yredelemnul_corpse_copse, gammafunk_ghost_necromancy
D:5:      layout_layer_cave, chequers_temple_overflow_statue_of_worship,
          minmay_misc_feat_hallway, serial_bayou_pond_c, grunt_decor_arrowhead,
          st_stairs_1
D:6:      layout_rooms, minmay_temple_entry_ruins, serial_corexii_hall,
          corexii_hall_statues_i, chequers_hall_statues_y,
          corexii_hall_statues_i, corexii_hall_statues_l,
          chequers_hall_statues_corner_a, corexii_hall_statues_l,
          dreamdust_princess_corridor, uniq_maggie
D:7:      layout_basic, serial_shops, nicolae_shop_stone
D:8:      layout_cave_pools, elyvilon_altar_3, serial_shops,
          nicolae_take_the_stairs, uniq_maurice
D:9:      layout_rooms, minmay_orc_entry_temple_small, serial_shops,
          nicolae_shop_statue_plus, shop_fountains
D:10:     layout_cave_pools
D:11:     gammafunk_beogh_shrine, layout_basic, lair_entry_dummy,
          portal_ice_cave_entry_ice_simulacra, minmay_shop_chei
D:12:     nzn_winding_woodlands_large [nzn_winding_woodlands_5x5_open_star,
          nzn_winding_woodlands_5x15_split_checker,
          nzn_winding_woodlands_5x5_perimeter,
          nzn_winding_woodlands_center_triple_pond,
          nzn_winding_woodlands_15x15_killbox,
          nzn_winding_woodlands_center_garden, nzn_winding_woodlands_5x5_cross,
          nzn_winding_woodlands_5x15_sidewinder,
          nzn_winding_woodlands_5x5_three], layout_basic,
          gauntlet_entry_generic, uniq_sonja, uniq_nergalle

Skill      XL: |  1  2  3  4  5  6  7  8  9 10 11 |
---------------+----------------------------------+-----
Short Blades   | 2 3 4 5 6 7 |  7.0
Stealth        | 5 6 7 8 9 12 | 12.8
Hexes          | 2 3 4 6 8 10 | 10.0
Shields        | 7 |  7.0
Fighting       | |  1.7
Throwing       | |  1.7
Dodging        | |  0.6

Action                   |  1- 3 |  4- 6 |  7- 9 | 10-12 || total
-------------------------+-------+-------+-------+-------++-------
Melee: Dagger            |   109 |    95 |   244 |   242 ||   690
       Tailslap          |    11 |    15 |    35 |    31 ||    92
       Punch             |       |     2 |     5 |       ||     7
Throw: Dart              |       |     1 |     3 |     3 ||     7
 Cast: Confusing Touch   |       |       |       |     1 ||     1
Evoke: Wand              |       |       |    19 |     6 ||    25
  Use: Scroll            |       |       |       |    12 ||    12
 Stab: Sleeping          |    15 |    10 |    17 |    22 ||    64
Armor: Robe              |    11 |       |       |       ||    11
       Leather armour    |    23 |    26 |    43 |       ||    92
       Acid dragon scale |       |       |    62 |   125 ||   187
Dodge: Dodged            |    24 |    19 |   134 |    92 ||   269
Block: Other             |       |       |    10 |    42 ||    52
       Reflection        |       |       |     1 |     2 ||     3

Table legend: (Time is in decaauts)
 A = Elapsed time spent in this place.
 B = Non-inter-level travel time spent in this place.
 C = Inter-level travel time spent in this place.
 D = Time resting spent in this place.
 E = Time spent auto-exploring this place.
 F = Levels seen in this place.
 G = Mean time per level.
                   A        B        C        D        E       F      G
               +--------+--------+--------+--------+--------+-----+--------+
         Total |  10280 |   9838 |    442 |    830 |   7238 |  13 |  790.8 |
       Dungeon |  10042 |   9600 |    442 |    693 |   7229 |  12 |  836.8 |
      Ice Cave |    237 |    237 |      0 |    137 |      9 |   1 |  237.0 |
               +--------+--------+--------+--------+--------+-----+--------+

Top non-repeatable levels by time:
    D:11: 1195 daAuts
     D:5: 1111 daAuts
     D:3: 957 daAuts
     D:6: 949 daAuts
     D:7: 928 daAuts
     D:9: 925 daAuts
     D:1: 912 daAuts
     D:4: 876 daAuts
     D:2: 766 daAuts
     D:8: 717 daAuts
    D:10: 527 daAuts
   IceCv: 237 daAuts
    D:12: 173 daAuts
